 Dungeon Crawl Stone Soup version 0.17-a0-1105-gbe8b664 (webtiles) character file.

234034 RobertPalmer the Shatterer (level 19, -14/247 HPs)
             Began as an Ogre Chaos Knight on May 21, 2015.
             Killed from afar by a deep elf knight (27 damage)
             ... with a shard of ice
             ... on level 1 of the Vaults.
             The game lasted 02:14:27 (40529 turns).

RobertPalmer the Shatterer (Ogre Chaos Knight)     Turns: 40529, Time: 02:14:35

Health: -14/247    AC: 26    Str: 28    XL:     19   Next: 13%
Magic:  21/21      EV: 16    Int: 18    God:    Xom [..*...]
Gold:   2878       SH:  0    Dex: 10    Spells: 5 memorised, 9 levels left

rFire  . . .     SeeInvis .     a - +8 giant club of the Living Dead {chaos, rPois rN+ Int+2}
rCold  . . .     Clarity  +     v - +2 troll leather armour {regen}
rNeg   + . .     SustAb   .     (no shield)
rPois  +         Gourm    .     R - +2 hat
rElec  .         Spirit   .     V - +0 cloak of Quseint {Dex+2}
rCorr  .         Warding  .     (gloves unavailable)
rMut   .         Stasis   .     (boots unavailable)
MR     ++...                    y - amulet of regeneration {+regen, !d}
Stlth  +.........               n - +6 ring of protection
                                Q - +4 ring of protection

@: very resistant to hostile enchantments, very unstealthy
A: unfitting armour, antennae 1, fangs 1, iridescent scales 1, rugged brown
scales 1, blink 1, clarity, low mp 1, magic resistance 1, mutation resistance 1,
poison resistance, robust 1, strong 2, tough skin 1, wild magic 1
a: Blink, Renounce Religion
}: 2/15 runes: decaying, gossamer


You were on level 1 of the Vaults.
You worshipped Xom.
You were a toy of Xom.
You were very hungry.

You visited 6 branches of the dungeon, and saw 36 of its levels.
You also visited: Sewer and Ice Cave.

You collected 4357 gold pieces.
You spent 1060 gold pieces at shops.

Inventory:

Hand weapons
 a - the +8 giant club of the Living Dead (weapon) {chaos, rPois rN+ Int+2}
   (Xom gifted it to you on level 6 of the Lair of Beasts)

   Each time it hits an enemy it has a different, random effect.
   It affects your intelligence (+2).
   It protects you from poison.
   It protects you from negative energy.
Missiles
 S - 7 throwing nets {=f, !d}
Armour
 v - a +2 troll leather armour (worn) {regen}
   (You found it on level 13 of the Dungeon)
 R - a +2 hat (worn)
   (You took it off Gastronok on level 3 of the Lair of Beasts)
 V - the +0 cloak of Quseint (worn) {Dex+2}
   (You acquired it on level 1 of the Spider Nest)

   It affects your dexterity (+2).
Rods
 b - a +9 rod of destruction (17/17) {!a}
   (You found it on level 7 of the Dungeon)
Jewellery
 h - an uncursed ring of protection from cold {rC+, !d}
   (You found it on level 8 of the Lair of Beasts)
 i - an uncursed amulet of the gourmand {Gourm, !d}
   (You found it on level 2 of the Dungeon)
 j - an uncursed ring of protection from fire {rF+, !d}
   (You found it on level 2 of the Dungeon)
 m - an uncursed ring of protection from magic {MR+, !d}
   (Xom gifted it to you on level 12 of the Dungeon)
 n - a +6 ring of protection (right hand)
   (You found it on level 3 of the Dungeon)
 y - an amulet of regeneration (around neck) {+regen, !d}
   (You bought it in a shop on level 13 of the Dungeon)
 B - an uncursed amulet of resist corrosion {rCorr, !d}
   (You found it on level 3 of the Spider Nest)
 C - an uncursed ring of teleportation {+/*tele, !d}
   (You found it on level 8 of the Lair of Beasts)
 D - an uncursed amulet of faith {Faith, !P}
   (You found it on level 15 of the Dungeon)
 H - an uncursed amulet of resist mutation {rMut, !d}
   (You found it on level 2 of the Lair of Beasts)
 M - the ring of Peace {rF+ Stlth+}
   (You took it off a yaktaur on level 14 of the Dungeon)

   [ring of protection from fire]

   It protects you from fire.
   It makes you more stealthy.
 Q - a +4 ring of protection (left hand)
   (You found it on level 14 of the Dungeon)
Magical devices
 q - a wand of teleportation (6)
   (You took it off Louise on level 2 of the Swamp)
 P - a wand of paralysis (6)
   (You found it on level 3 of the Lair of Beasts)
Scrolls
 e - 3 scrolls of fog
 g - a scroll of teleportation
 o - 7 scrolls of amnesia
 s - 7 scrolls of magic mapping {!r}
 t - 8 scrolls of remove curse
 x - 2 scrolls of blinking {!r}
 z - 2 scrolls of recharging
 J - a scroll of enchant armour
 K - 5 scrolls of enchant weapon
 L - 5 scrolls of identify
 O - a scroll of summoning
Potions
 f - 5 potions of might
 k - 3 potions of mutation {!q}
 w - 5 potions of brilliance
 A - a potion of magic
 E - 7 potions of curing
 G - 2 potions of heal wounds
 T - a potion of agility
 W - a potion of cancellation
 X - 2 potions of berserk rage {!q}
 Y - 3 potions of cure mutation {!q}
 Z - 2 potions of resistance
Books
 N - a Necronomicon {highlevel}
   (You found it on level 3 of the Lair of Beasts)
Miscellaneous
 d - a plain deck of wonders {drawn: 10}
   (You found it on level 7 of the Lair of Beasts)
 l - a fan of gales (inert)
   (You found it on level 4 of the Lair of Beasts)
 r - a phial of floods (inert)
   (You found it on level 7 of the Lair of Beasts)
 u - a phial of floods (inert)
   (You found it on level 5 of the Lair of Beasts)
 U - 2 phantom mirrors
Comestibles
 c - 14 bread rations {@e1}
 F - 7 fruits
 I - 15 meat rations {@e2}


   Skills:
 - Level 20.0 Fighting
 - Level 23.2 Maces & Flails
 + Level 7.6 Armour
 - Level 17.1 Dodging
 - Level 6.8 Evocations


You had 9 spell levels left.
You knew the following spells:

 Your Spells              Type           Power        Failure   Level  Hunger
a - Corpse Rot            Necr           N/A          54%         2    ###....
g - Apportation           Tloc           #.........   38%         1    ##.....
s - Stoneskin             Trmt/Erth      #.......     54%         2    ###....
z - Spectral Weapon       Hex/Chrm       #.......     86%         3    ####...
B - Summon Butterflies    Summ           #.......     38%         1    ##.....


Dungeon Overview and Level Annotations

Branches:
Dungeon (15/15)            Temple (0/1) D:7            Lair (8/8) D:8
  Swamp (4/4) Lair:4       Spider (4/4) Lair:5        Slime (0/6) Lair:6
    Orc (4/4) D:12            Elf (0/3) Orc:4        Vaults (1/5) D:13
 Depths (0/5) D:15

Altars:
Ashenzari
Cheibriados
Dithmenos
Fedhas
Makhleb
Okawaru
Qazlal
Trog
Vehumet
Xom
Yredelemnul
Beogh
Jiyva

Shops:
D:8 ?   D:12 [   D:13 =[:   Orc:4 !([%

Portals:
Hell: Lair:8

Annotations:
D:2 Sigmund


Innate Abilities, Weirdness & Mutations

You are too large for most types of armour.
You have tough skin (AC +1).
You have a pair of small antennae on your head.
You have very sharp teeth.
You are partially covered in iridescent scales (AC +4).
You are partially covered in rugged brown scales (AC +1, +3% HP).
You can translocate small distances at will.
You possess an exceptional clarity of mind.
Your magical capacity is low (-10% MP).
You are resistant to hostile enchantments.
You are somewhat resistant to further mutation.
Your system is resistant to poisons.
You are robust (+10% HP).
Your muscles are very strong. (Str +4)
Your spells are a little harder to cast, but a little more powerful.


Message History

You hit the sphinx. You freeze the sphinx. The sphinx hits you!
The sphinx hits you. The sphinx hits you but does no damage.
The cyan ugly thing tentacle-slaps you! The cyan ugly thing shocks you!
You take 42 damage, and have 176/247 hp.
You closely miss the cyan ugly thing.
The sphinx casts a spell.
The sphinx is healed somewhat.
The cyan ugly thing tentacle-slaps you! The cyan ugly thing shocks you!
You take 23 damage, and have 153/247 hp.
You pound the sphinx like an anvil!!! You burn the sphinx!
You kill the sphinx!
The ironbrand convoker hits you!
You take 6 damage, and have 147/247 hp.
You hammer the cyan ugly thing like a gong!!!
You burn the cyan ugly thing! The cyan ugly thing tentacle-slaps you!
The cyan ugly thing shocks you!
The ironbrand convoker begins to recite a word of recall!
You take 21 damage, and have 126/247 hp.
You closely miss the cyan ugly thing. You bite the cyan ugly thing.
The cyan ugly thing closely misses you.
You barely miss the cyan ugly thing. You sock the cyan ugly thing!
You kill the cyan ugly thing!
The vault warden is recalled.
The orc wizard is recalled.
The deep elf knight is recalled.
The orc knight is recalled.
The two-headed ogre is recalled.
The deep elf knight hits you with a long sword.
The orc wizard hits you but does no damage.
The vault warden activates a sealing rune.
A vault warden comes into view. It is wielding a glaive of chopping.
The vault warden activates a sealing rune.
An orc wizard, an orc knight, a deep elf knight and a two-headed ogre come into view.
You take 3 damage, and have 125/247 hp.
Unknown command.
You hit the ironbrand convoker.
You closely miss the ironbrand convoker.
Your bite misses the ironbrand convoker.
The orc knight hits you with a long sword!
The orc wizard glows brightly for a moment.
The vault warden completely misses you. The deep elf knight closely misses you.
You take 6 damage, and have 120/247 hp.
Unknown command.
You hit the ironbrand convoker. You burn the ironbrand convoker.
The ironbrand convoker hits you!
The orc wizard gestures wildly while chanting.
The orc wizard seems to speed up.
The two-headed ogre barely misses you. The two-headed ogre closely misses you.
The orc knight hits you with a long sword.
You take 16 damage, and have 104/247 hp.
You bludgeon the ironbrand convoker!!
You kill the ironbrand convoker!
The vault warden hits you from afar with a glaive of chopping!!
The deep elf knight barely misses you. The orc wizard closely misses you.
You take 25 damage, and have 79/247 hp.
Unknown command.
Xom opens a gate.
The orc wizard hits you but does no damage.
The orc knight roars a battlecry!
The orc wizard goes into a battle-frenzy!
The orc knight hits your white imp with a long sword.
The vault warden closely misses you.
You regained 2 hp, and now have 81/247 hp.
You draw a card...
It is Focus.
The orc wizard hits you but does no damage.
The two-headed ogre closely misses you.
The two-headed ogre hits you with a giant club.
The deep elf knight points at you and mumbles some strange words.
The shard of ice hits you!
* * * LOW HITPOINT WARNING * * *
You take 11 damage, and have 70/247 hp.
Drink which item? (? for menu, Esc to quit)
You feel much better.
The vault warden hits you with a glaive of chopping!!
* * * LOW HITPOINT WARNING * * *
x2 The deep elf knight points at you and mumbles some strange words.
The shard of ice misses you.
The two-headed ogre hits you with a giant club!
* * * LOW HITPOINT WARNING * * *
The two-headed ogre misses you.
You take 25 damage, and have 45/247 hp.
Read which item? (? for menu, Esc to quit)
Okay, then.
Aim the phial where?
Aim: a vault warden, wielding a glaive of chopping and wearing a chain mail The flood of elemental water misses the vault warden.
The wave splashes down.
Splash!
You fall into the shallow water.
Moving in this stuff is going to be slow.
The water rises up and takes form.
You hear a shout! x4
You hear an angry hiss.
The vault warden hits you with a glaive of chopping!!
* * * LOW HITPOINT WARNING * * *
x2 The orc wizard gestures at you while chanting.
The puff of frost misses you.
The deep elf knight casts a spell at you.
The shard of ice hits you!
You die...
Xom is highly amused!

#####+#####
#.........#
#E..≈.....#
#≈≈≈≈.....#
#≈p5o.....#
#≈≈@o†....#
#..eO.....#
#..[†.....#
#.).......#
#.........#
###########


You could see a vault warden, an orc knight, a deep elf knight, a two-headed
ogre, an orc wizard (frenzied), a friendly water elemental and a friendly white
imp.

Vanquished Creatures
  Nikola (Spider:2)
  A bone dragon (Swamp:4)
  Arachne (Spider:2)
  A sphinx (Vaults:1)
  Gastronok (Lair:3)
  Frances (Swamp:2)
  2 thorn hunters
  An orc warlord (Orc:4)
  Louise (Swamp:2)
  5 ghost moths
  4 emperor scorpions (Spider:4)
  The ghost of WhatIsLove the Cleaver, a powerful FoFi of Ashenzari (Orc:4)
  4 dire elephants
  An ettin (D:14)
  Snorg (Lair:5)
  8 vault guards (D:13)
  Josephine (D:13)
  An entropy weaver (Spider:4)
  13 hydras
  3 ghost crabs
  5 centaur warriors
  An ogre mage (D:15)
  A rakshasa (D:13)
  7 alligators
  A salamander stormcaller (D:15)
  7 death yaks
  An orc high priest (Orc:3)
  9 spriggans
  A sun demon (Lair:8)
  Sonja (D:12)
  Nergalle (D:12)
  A fire crab (Lair:8)
  2 ice devils (IceCv)
  3 unseen horrors
  An ironbrand convoker (Vaults:1)
  A death drake (Swamp:4)
  2 ice statues (IceCv)
  A swamp dragon (Swamp:2)
  2 shambling mangroves
  A necromancer (Spider:1)
  A wolf spider zombie (D:15)
  4 orc knights
  3 spectral hydras
  A giant orange brain (shapeshifter) (Spider:2)
  4 hill giants
  21 wolf spiders
  15 orb spiders
  2 phantasmal warriors (Swamp:4)
  10 ugly things
  A wizard (Lair:8)
  An orc sorcerer (Orc:4)
  5 griffons
  4 cyclopes
  3 hornets
  2 sixfirhies
  7 manticores
  15 elephants
  8 black mambas
  A smoke demon (Lair:8)
  3 orange demons
  A moth of wrath (Spider:2)
  A torpor snail (Lair:3)
  A naga mage (D:15)
  2 gargoyles
  A centaur skeleton (D:14)
  3 kobold demonologists
  18 spiny frogs
  6 demonic crawlers
  5 fire drakes
  A yaktaur (D:14)
  2 efreet
  3 swamp worm zombies (Swamp:4)
  12 komodo dragons
  An elf (shapeshifter) (Lair:8)
  18 jumping spiders
  2 freezing wraiths (D:15)
  A fire vortex (D:13)
  9 trolls
  5 hydra zombies (Swamp:4)
  6 giant leeches
  3 red devils (Lair:8)
  6 ravens
  2 polar bears
  15 blue devils
  2 two-headed ogres
  4 spectral swamp dragons (Swamp:4)
  20 blink frogs
  A snapping turtle (Spider:1)
  A spectral manticore (Swamp:2)
  9 bog bodies
  7 alligator zombies (Swamp:4)
  3 boulder beetles
  16 trapdoor spiders
  19 slime creatures
  5 shadows
  6 wraiths
  A water elemental (D:15)
  72 yaks
  A deep elf fighter (D:13)
  5 wyverns
  2 chaos spawn
  3 small abominations (D:13)
  28 tarantellas
  37 redbacks
  45 vampire mosquitoes
  7 deep elf magi
  14 hippogriffs
  2 mottled dragons (D:14)
  18 wolves
  14 swamp worms
  5 basilisks
  A hungry ghost (D:14)
  2 steam dragons
  A hippogriff (shapeshifter) (D:15)
  The ghost of Hanyuu the Insei, an average OpTm of Makhleb (D:3)
  10 insubstantial wisps (Swamp:4)
  2 wargs
  36 orc warriors
  17 water moccasins
  34 spiders
  A soldier ant (D:13)
  An eye of draining (shapeshifter) (D:14)
  5 swamp drakes
  7 ice beasts
  3 sky beasts
  A swamp dragon zombie (Swamp:4)
  3 eyes of draining
  12 wasps
  2 black bears
  13 ogres
  9 phantoms
  16 porcupines
  18 crocodiles
  A necrophage (D:10)
  21 centaurs
  9 big kobolds
  2 brain worms (shapeshifter)
  A gnoll sergeant (D:10)
  A giant frog (shapeshifter) (D:14)
  29 giant frogs
  7 scorpions
  A wyvern skeleton (D:14)
  A killer bee (D:14)
  3 wights (D:10)
  3 centaur zombies
  4 electric eels
  A vampire bat (Lair:6)
  11 crimson imps
  3 giant frog skeletons
  11 jellies
  A giant frog zombie (D:11)
  6 hounds
  An iron imp (Orc:3)
  12 iguanas
  42 orc priests
  2 quasits
  9 worker ants
  31 orc wizards
  2 killer bee zombies (D:10)
  31 sheep
  A hound skeleton (D:8)
  A mummy (D:10)
  A worker ant zombie (D:11)
  8 gnolls
  9 adders
  56 river rats
  2 swamp drake zombies (Swamp:4)
  10 shadow imps
  20 white imps
  11 ufetubi
  18 oozes
  An adder zombie (D:9)
  9 worms
  7 giant geckos
  236 orcs
  29 bats
  A bat skeleton (D:5)
  2 bat zombies
  9 hobgoblins
  6 jackals
  35 kobolds
  3 quokkas
  3 ball pythons (Sewer)
  7 giant cockroaches
  A giant gecko skeleton (D:4)
  8 giant newts
  13 goblins
  A quokka skeleton (D:9)
  A quokka zombie (D:10)
  20 rats
  A briar patch (Swamp:3)
  A butterfly (D:5)
  4 fungi
  3 plants
1662 creatures vanquished.

Vanquished Creatures (collateral kills)
  Aizul (Spider:2)
  An ugly thing (D:15)
  A wolf spider (Spider:4)
  A jumping spider (Spider:4)
  2 blink frogs (Lair:6)
  A trapdoor spider (Spider:1)
  2 redbacks
  2 wolves (Lair:4)
  An orc warrior (Orc:4)
  A spider (Spider:1)
  A giant frog (Lair:4)
  A wyvern skeleton (D:6)
  A white imp (D:13)
  2 oozes (Lair:3)
  7 orcs
  2 butterflies (D:14)
  A fungus (Lair:3)
28 creatures vanquished.

Vanquished Creatures (others)
  An alligator (Swamp:2)
  2 dancing weapons
  A wizard (D:15)
  A jumping spider (Spider:1)
  A merfolk (Lair:8)
  4 fire vortices
  A slime creature (Swamp:2)
  A wolf (Lair:4)
  A trapdoor spider (Spider:2)
  A neqoxec (Lair:6)
  A big kobold (Spider:2)
  3 quasits (Spider:2)
  A crimson imp (Lair:6)
  2 iron imps
  9 white imps
  4 shadow imps
  7 ufetubi
  An orc (Orc:2)
  A bat (D:9)
  2 giant cockroaches (Spider:2)
  3 butterflies
  23 fungi
  18 plants
89 creatures vanquished.

Grand Total: 1779 creatures vanquished

Notes
Turn   | Place    | Note
--------------------------------------------------------------
     0 | D:1      | RobertPalmer the Ogre Chaos Knight began the quest for the Orb.
     0 | D:1      | Reached XP level 1. HP: 24/24 MP: 1/1
   157 | D:1      | XOM: divination: detect creatures
   176 | D:1      | Reached XP level 2. HP: 22/32 MP: 2/2
   180 | D:1      | XOM: silly message
   283 | D:1      | Reached skill level 5 in Maces & Flails
   410 | D:1      | XOM: harmless Divn miscast
   671 | D:2      | XOM: potion effect (berserk rage)
   676 | D:2      | Reached XP level 3. HP: 39/39 MP: 3/3
   725 | D:2      | XOM: divination: detect items
   812 | D:2      | Noticed Sigmund
  1012 | D:3      | XOM: harmless Trmt miscast
  1046 | D:3      | XOM: harmless Trmt miscast
  1136 | D:3      | Reached skill level 6 in Maces & Flails
  1255 | D:3      | Reached XP level 4. HP: 38/48 MP: 4/4
  1273 | D:3      | Reached skill level 7 in Maces & Flails
  1364 | D:3      | Found an iron altar of Okawaru.
  1380 | D:3      | Noticed Hanyuu's ghost (average OpTm)
  1383 | D:3      | XOM: harmless Necr miscast
  1384 | D:3      | XOM: harmless Divn miscast
  1402 | D:3      | XOM: potion effect (haste)
  1404 | D:3      | Killed Hanyuu's ghost
  1404 | D:3      | Reached skill level 8 in Maces & Flails
  1404 | D:3      | Reached XP level 5. HP: 51/54 MP: 5/5
  1404 | D:3      | Reached XP level 6. HP: 58/62 MP: 6/6
  1655 | D:3      | Found a radiant altar of Vehumet.
  1722 | D:3      | XOM: harmless Pois miscast
  1797 | D:3      | Reached skill level 9 in Maces & Flails
  2303 | D:4      | XOM: harmless Erth miscast
  2315 | D:4      | XOM: potion effect (invisibility)
  2799 | D:4      | XOM: harmless Summ miscast
  2837 | D:5      | Entered Level 5 of the Dungeon
  2879 | D:5      | Found a shimmering altar of Xom.
  3102 | D:5      | XOM is BORED!
  3102 | D:5      | XOM: noise
  3125 | D:5      | Found a stormy altar of Qazlal.
  3170 | D:5      | XOM: harmless Erth miscast
  3212 | D:5      | XOM: swap monsters
  3229 | D:5      | Reached skill level 10 in Maces & Flails
  3229 | D:5      | Reached XP level 7. HP: 67/70 MP: 7/7
  3394 | D:5      | Noticed a water moccasin
  3407 | D:5      | Killed a water moccasin
  3723 | D:5      | Reached skill level 11 in Maces & Flails
  3779 | D:6      | XOM: chaos cloud
  3791 | D:6      | XOM: smoke on damage
  3798 | D:6      | Found a blossoming altar of Fedhas.
  3843 | D:6      | Found a glowing drain.
  3874 | Sewer    | Entered a sewer
  4394 | D:6      | Reached skill level 12 in Maces & Flails
  4394 | D:6      | Reached XP level 8. HP: 73/78 MP: 8/8
  4442 | D:6      | XOM: summons 5 hostile shadow creatures
  4566 | D:6      | XOM is BORED!
  4566 | D:6      | XOM: give mutation
  4566 | D:6      | Gained mutation: You are frail (-10% HP). [Xom's mischief]
  5003 | D:6      | XOM: polymorph crimson imp -> quasit
  5065 | D:6      | XOM: summons 5 friendly demons
  5341 | D:6      | XOM: 3-stop teleportation journey
  5627 | D:6      | Reached skill level 13 in Maces & Flails
  5789 | D:6      | XOM: give mutations
  5789 | D:6      | Gained mutation: Your muscles are strong. (Str +2) [Xom's mischief]
  5789 | D:6      | Gained mutation: You occasionally shout uncontrollably at your foes. [Xom's mischief]
  5789 | D:6      | Gained mutation: Your magical capacity is low (-10% MP). [Xom's mischief]
  5789 | D:6      | Gained mutation: Scrolls take you a little longer to read. [Xom's mischief]
  5925 | D:7      | XOM: silly message
  5928 | D:7      | XOM: blink monster(s)
  6092 | D:7      | Found a staircase to the Ecumenical Temple.
  6391 | D:7      | Found a shadowy altar of Dithmenos.
  6415 | D:7      | Reached skill level 14 in Maces & Flails
  6415 | D:7      | Reached XP level 9. HP: 52/75 MP: 8/8
  6738 | D:7      | Identified a +2 rod of destruction (13/13) (You found it on level 7 of the Dungeon)
  6793 | D:8      | XOM: noise
  6860 | D:7      | XOM: give mutations
  6860 | D:7      | Lost mutation: Scrolls take you a little longer to read. [Xom's mischief]
  6860 | D:7      | Gained mutation: Your body sometimes deteriorates upon taking damage. [Xom's mischief]
  6860 | D:7      | Gained mutation: You are partially covered in rugged brown scales (AC +1, +3% HP). [Xom's mischief]
  6860 | D:7      | Gained mutation: You are clumsy. (Dex -2) [Xom's mischief]
  7124 | D:7      | XOM: harmless Necr miscast
  7193 | D:8      | Reached skill level 15 in Maces & Flails
  7222 | D:8      | Noticed an elephant
  7234 | D:8      | XOM: summons friendly crimson imp
  7239 | D:8      | XOM: enchant monster (good)
  7261 | D:8      | XOM: summons 2 friendly demons
  7272 | D:8      | Killed an elephant
  7417 | D:8      | Found a snail-covered altar of Cheibriados.
  7518 | D:8      | XOM: swap monsters
  7527 | D:8      | Reached skill level 16 in Maces & Flails
  7554 | D:8      | XOM: smoke on damage
  7627 | D:8      | Found a staircase to the Lair.
  7665 | D:8      | Found a basalt altar of Yredelemnul.
  7828 | D:8      | Found Wyskysanto's Magic Scroll Emporium.
  7895 | D:8      | XOM: silly message
  8066 | D:9      | XOM: cast spell 'Stoneskin'
  8081 | D:9      | XOM: divination: magic mapping
  8273 | D:9      | HP: 4/78 [orc warrior/mace of protection (23)]
  8397 | D:9      | XOM: medium Conj miscast
  8640 | D:9      | Reached XP level 10. HP: 64/85 MP: 9/9
  8678 | D:9      | Reached skill level 17 in Maces & Flails
  8922 | D:9      | Reached skill level 3 in Dodging
  9135 | D:9      | XOM: confuse monster(s)
  9140 | D:9      | XOM: potion effect (heal wounds)
  9142 | D:9      | Reached skill level 1 in Evocations
  9193 | D:9      | XOM: silly message
  9264 | D:9      | XOM: give mutations
  9264 | D:9      | Gained mutation: You are partially covered in iridescent scales (AC +4). [Xom's grace]
  9264 | D:9      | Gained mutation: You are somewhat resistant to further mutation. [Xom's grace]
  9273 | D:10     | Entered Level 10 of the Dungeon
  9286 | D:10     | Reached skill level 2 in Evocations
  9291 | D:10     | XOM: silly message
  9489 | D:10     | XOM: confusion
  9507 | D:10     | Reached skill level 3 in Evocations
  9651 | Lair:1   | Entered Level 1 of the Lair of Beasts
  9745 | Lair:1   | Reached skill level 4 in Evocations
  9751 | Lair:1   | XOM: summons friendly shadow imp
  9910 | Lair:1   | Reached skill level 5 in Evocations
  9937 | Lair:1   | XOM: chaos cloud
  9954 | Lair:1   | Reached skill level 6 in Evocations
 10022 | Lair:1   | Reached XP level 11. HP: 45/93 MP: 14/14
 10056 | Lair:1   | XOM: blink monster(s)
 10082 | Lair:1   | XOM: 1-stop teleportation journey
 10109 | Lair:1   | XOM: god gift: potion of brilliance
 10136 | Lair:1   | XOM: mild Fire miscast
 10288 | Lair:1   | Noticed a griffon
 10289 | Lair:1   | XOM: enchant monster (good)
 10319 | Lair:1   | Reached skill level 4 in Dodging
 10327 | Lair:1   | Killed a griffon
 10330 | Lair:1   | Reached skill level 5 in Dodging
 10806 | Lair:1   | XOM: medium Chrm miscast
 10994 | Lair:1   | XOM: divination: detect creatures
 11037 | Lair:1   | XOM: colour smoke trail
 11085 | Lair:2   | Reached skill level 6 in Dodging
 11573 | Lair:2   | Reached skill level 7 in Dodging
 11754 | Lair:2   | XOM: mild Divn miscast
 11799 | Lair:2   | XOM: smoke on damage
 11807 | Lair:2   | Learned a level 1 spell: Summon Butterflies
 11835 | Lair:2   | XOM: cast spell 'Confusing Touch'
 11862 | Lair:2   | XOM: chaos cloud
 11865 | Lair:2   | XOM: noise
 11882 | Lair:2   | HP: 23/93 [iguana (6)]
 12013 | Lair:2   | XOM: vitrification
 12113 | Lair:2   | XOM: harmless Air miscast
 12271 | Lair:2   | XOM: divination: detect creatures
 12294 | Lair:2   | Reached skill level 8 in Dodging
 12353 | Lair:2   | XOM: divination: detect creatures
 12463 | Lair:2   | XOM: silly message
 12735 | Lair:3   | Reached skill level 9 in Dodging
 12742 | Lair:3   | XOM: smoke on damage
 12984 | Lair:3   | Identified a -2 rod of the swarm (11/11) (You found it on level 3 of the Lair of Beasts)
 13018 | Lair:3   | Noticed Gastronok
 13046 | Lair:3   | XOM: potion effect (might)
 13048 | Lair:3   | XOM: smoke on damage
 13051 | Lair:3   | Killed Gastronok
 13051 | Lair:3   | Reached skill level 10 in Dodging
 13051 | Lair:3   | Reached XP level 12. HP: 78/99 MP: 15/15
 13095 | Lair:3   | XOM: harmless Necr miscast
 13145 | Lair:3   | XOM: confuse monster(s)
 13155 | Lair:3   | XOM: destruction
 13162 | Lair:3   | XOM: confuse monster(s)
 13435 | Lair:3   | XOM: divination: detect creatures
 13464 | Lair:3   | Noticed an eight-headed hydra
 13471 | Lair:3   | Killed an eight-headed hydra
 13890 | Lair:3   | Learned a level 2 spell: Stoneskin
 13892 | Lair:3   | Learned a level 1 spell: Apportation
 13900 | Lair:3   | Learned a level 2 spell: Corpse Rot
 14618 | Lair:3   | XOM: cast spell 'Statue Form'
 14628 | Lair:3   | Reached skill level 11 in Dodging
 14861 | Lair:3   | XOM: silly message
 14883 | Lair:3   | XOM: swap monsters
 14948 | Lair:3   | XOM: mild Conj miscast
 14957 | Lair:3   | XOM: swap monsters
 15078 | Lair:3   | XOM: harmless Erth miscast
 15353 | Lair:4   | XOM: smoke on damage
 15355 | Lair:3   | XOM: mild Chrm miscast
 15453 | Lair:3   | XOM: mild Necr miscast
 15827 | Lair:4   | Reached skill level 12 in Dodging
 16131 | Lair:4   | XOM: harmless Fire miscast
 16170 | Lair:4   | XOM: swap monsters
 16445 | Lair:4   | XOM: enchant monster (good)
 16452 | Lair:4   | Reached XP level 13. HP: 72/106 MP: 16/16
 16584 | Lair:4   | Reached skill level 18 in Maces & Flails
 16587 | Lair:4   | XOM: summons friendly blue devil
 16660 | Lair:4   | Found a staircase to the Swamp.
 16714 | Lair:4   | XOM: vitrification
 16801 | Lair:4   | XOM: summons 3 friendly demons
 16948 | Lair:4   | XOM: god gift: conspicuous book {god gift}
 16950 | Lair:4   | Identified Xom's Incunabulum of Urgency (Xom gifted it to you on level 4 of the Lair of Beasts)
 17121 | Lair:4   | Got a twisted robe
 17199 | Lair:4   | XOM: god gift: 2 large rocks
 17245 | Lair:4   | XOM: cast spell 'Dragon Form'
 17288 | Lair:4   | XOM is BORED!
 17288 | Lair:4   | XOM: give mutations
 17288 | Lair:4   | Lost mutation: You are frail (-10% HP). [Xom's mischief]
 17288 | Lair:4   | Gained mutation: You tend to lose your temper in combat. [Xom's mischief]
 17319 | Lair:4   | XOM: divination: detect creatures
 17676 | Lair:4   | XOM: cast spell 'Ring of Flames'
 17713 | Lair:5   | XOM: noise
 17713 | Lair:5   | Noticed Snorg
 17724 | Lair:5   | Killed Snorg
 17729 | Lair:5   | XOM: confuse monster(s)
 17794 | Lair:4   | Reached skill level 19 in Maces & Flails
 17996 | Lair:4   | Identified the +1 robe "Hahik" {Int+4} (You found it on level 4 of the Lair of Beasts)
 18162 | Lair:5   | XOM: divination: magic mapping
 18208 | Lair:5   | XOM: potion effect (invisibility)
 18378 | Lair:5   | Found a hole to the Spider Nest.
 18605 | Lair:5   | Identified a scroll of acquirement
 18937 | Lair:5   | XOM: vitrification
 19099 | Lair:6   | XOM: divination: magic mapping
 19104 | Lair:6   | Found a runed door.
 19105 | Lair:6   | Found a viscous altar of Jiyva.
 19106 | Lair:6   | Noticed an acid blob
 19106 | Lair:6   | XOM: fog
 19109 | Lair:6   | Reached skill level 5 in Fighting
 19111 | Lair:6   | Found a staircase to the Slime Pits.
 19215 | Lair:6   | XOM: summons 5 friendly demons
 19223 | Lair:6   | XOM: 3-stop teleportation journey
 19234 | Lair:6   | XOM: cast spell 'Olgreb's Toxic Radiance'
 19238 | Lair:6   | XOM: vitrification
 19243 | Lair:6   | Reached skill level 6 in Fighting
 19316 | Lair:6   | XOM: summons 2 friendly demons
 19318 | Lair:6   | Reached skill level 7 in Fighting
 19446 | Lair:6   | XOM: swap monsters
 19627 | Lair:6   | XOM: give mutations
 19627 | Lair:6   | Gained mutation: You have a pair of small antennae on your head. [Xom's grace]
 19627 | Lair:6   | Gained mutation: You are robust (+10% HP). [Xom's grace]
 19627 | Lair:6   | Gained mutation: You can translocate small distances at will. [Xom's grace]
 19627 | Lair:6   | Gained mutation: You have very sharp teeth. [Xom's grace]
 19786 | Lair:6   | XOM: give mutation
 19786 | Lair:6   | Gained mutation: You possess an exceptional clarity of mind. [Xom's grace]
 19795 | Lair:6   | XOM: god gift: encrusted giant club {god gift}
 19801 | Lair:6   | Got an encrusted giant club {god gift}
 19802 | Lair:6   | Identified the +8 giant club of the Living Dead {chaos, rPois rN+ Int+2} (Xom gifted it to you on level 6 of the Lair of Beasts)
 20041 | Lair:6   | XOM: harmless Trmt miscast
 20219 | Lair:6   | XOM: harmless Summ miscast
 20309 | Lair:6   | XOM: cast spell 'Summon Butterflies'
 20472 | Lair:6   | XOM: god gift: 5 curare-tipped needles
 20553 | Lair:7   | XOM: snakes to sticks
 20558 | Lair:6   | Reached skill level 8 in Fighting
 20661 | Lair:7   | XOM: 1-stop teleportation journey
 20758 | Lair:7   | Reached skill level 9 in Fighting
 20878 | Lair:7   | XOM: 1-stop teleportation journey
 20946 | Lair:7   | XOM: cast spell 'Olgreb's Toxic Radiance'
 21037 | Lair:7   | XOM: mild Divn miscast
 21056 | Lair:7   | Reached XP level 14. HP: 151/159 MP: 8/17
 21080 | Lair:7   | Reached skill level 10 in Fighting
 21402 | Lair:7   | XOM: chaos cloud
 21405 | Lair:7   | XOM: silly message
 21412 | Lair:7   | Reached skill level 11 in Fighting
 21488 | Lair:8   | Entered Level 8 of the Lair of Beasts
 21515 | Lair:8   | XOM: enchant monster (bad)
 21538 | Lair:8   | XOM: mild Fire miscast
 21546 | Lair:8   | Reached skill level 12 in Fighting
 21660 | Lair:8   | XOM: noise
 21663 | Lair:8   | Hired Cuxuot the merfolk for 301 gold.
 21666 | Lair:8   | Your ally Cuxuot died
 21667 | Lair:8   | Reached skill level 13 in Fighting
 21725 | Lair:8   | XOM: cast spell 'Blink'
 21726 | Lair:8   | XOM: enchant monster (good)
 21727 | Lair:8   | XOM: divination: magic mapping
 21735 | Lair:8   | XOM: cast spell 'Summon Butterflies'
 21943 | Lair:8   | XOM: summons 5 friendly demons
 21949 | Lair:8   | XOM: confuse monster(s)
 22006 | Lair:8   | XOM: harmless Summ miscast
 22080 | Lair:8   | XOM: harmless Air miscast
 22138 | Lair:8   | Reached skill level 14 in Fighting
 22140 | Lair:8   | XOM: divination: detect items
 22389 | Lair:8   | XOM: enchant monster (bad)
 22440 | Lair:8   | Reached skill level 15 in Fighting
 22670 | Lair:8   | XOM: cast spell 'Necromutation'
 22805 | Lair:8   | XOM: cast spell 'Olgreb's Toxic Radiance'
 23028 | Lair:8   | Found a burning altar of Makhleb.
 23044 | Lair:8   | Reached skill level 16 in Fighting
 23047 | Lair:8   | XOM: potion effect (berserk rage)
 23050 | Lair:8   | XOM: potion effect (brilliance)
 23054 | Lair:8   | XOM: mild Fire miscast
 23061 | Lair:8   | Reached XP level 15. HP: 182/192 MP: 14/18
 23067 | Lair:8   | Found a gateway to Hell.
 23073 | Lair:8   | XOM: cast spell 'Cause Fear'
 23421 | Lair:8   | XOM: harmless Conj miscast
 23568 | Lair:8   | XOM: potion effect (berserk rage)
 23572 | Lair:8   | XOM: silly message
 23575 | Lair:8   | XOM: potion effect (haste)
 23702 | Lair:6   | XOM: potion effect (invisibility)
 23798 | Lair:5   | XOM: potion effect (brilliance)
 24069 | D:10     | Killed an unseen horror
 24069 | D:10     | Reached skill level 17 in Fighting
 24178 | D:10     | Noticed a hill giant
 24179 | D:10     | XOM: harmless Trmt miscast
 24185 | D:10     | XOM: potion effect (might)
 24192 | D:10     | XOM: potion effect (brilliance)
 24197 | D:10     | Killed a hill giant
 24600 | D:11     | XOM: harmless Divn miscast
 24824 | D:11     | XOM: harmless Erth miscast
 24952 | D:11     | Upgraded the game from 0.17-a0-1093-g0b3cd89 to 0.17-a0-1105-gbe8b664
 25021 | D:12     | XOM: silly message
 25035 | D:12     | XOM: confuse monster(s)
 25233 | D:12     | XOM: cast spell 'Spider Form'
 25361 | D:12     | Reached skill level 18 in Fighting
 25476 | D:12     | Noticed Sonja
 25485 | D:12     | Killed Sonja
 25547 | D:12     | XOM: god gift: emerald ring {god gift}
 25567 | D:12     | Noticed Nergalle
 25581 | D:12     | Killed Nergalle
 25592 | D:12     | Found a staircase to the Orcish Mines.
 25619 | D:12     | Found Ychace's Armour Boutique.
 25957 | D:13     | Noticed Josephine
 25965 | D:13     | Killed Josephine
 25970 | D:13     | XOM: fake destruction
 25979 | D:13     | XOM: god gift: heavily jewelled robe {god gift}
 25984 | D:13     | Got a heavily jewelled robe {god gift}
 25988 | D:13     | Found Gafewio's Antique Armour Shoppe.
 26002 | D:13     | Found Alimynes's Book Emporium.
 26010 | D:13     | Found Girall's Jewellery Boutique.
 26032 | D:13     | Bought an uncursed amulet of regeneration for 420 gold pieces
 26042 | D:13     | Identified the +1 robe "Qabafuz" {*Confuse +Inv rF+ Regen+} (Xom gifted it to you on level 13 of the Dungeon)
 26082 | D:13     | Found a frozen archway.
 26092 | D:13     | XOM: summons 14 friendly demons
 26195 | D:13     | Reached skill level 19 in Fighting
 26199 | D:13     | XOM: fog
 26202 | D:13     | Found a gate to the Vaults.
 26211 | D:13     | XOM: summons 3 friendly demons
 26230 | D:13     | XOM: noise
 26231 | D:13     | XOM: noise
 26398 | D:13     | XOM: divination: detect creatures
 26771 | D:13     | XOM: cast spell 'Spider Form'
 26918 | D:14     | XOM: cast spell 'Summon Butterflies'
 26925 | D:14     | XOM: confuse monster(s)
 27019 | D:14     | Found a shattered altar of Ashenzari.
 27056 | D:14     | XOM: polymorph centaur -> giant frog
 27059 | D:14     | XOM: fake destruction
 27066 | D:14     | Reached skill level 20 in Fighting
 27231 | D:14     | Reached XP level 16. HP: 179/216 MP: 15/19
 27251 | D:14     | XOM: smoke on damage
 27311 | D:14     | Reached skill level 13 in Dodging
 27318 | D:14     | Got a twitching jade ring
 27384 | D:14     | XOM: 3-stop teleportation journey
 27385 | D:14     | XOM: cast spell 'Beastly Appendage'
 27729 | D:15     | Entered Level 15 of the Dungeon
 27892 | D:15     | Reached skill level 20 in Maces & Flails
 27930 | D:15     | XOM: blink monster(s)
 27932 | D:15     | XOM: silly message
 27933 | D:15     | XOM: confuse monster(s)
 27950 | D:15     | XOM: cast spell 'Metabolic Englaciation'
 27998 | D:15     | XOM: cast spell 'Dispersal'
 28063 | D:15     | XOM: harmless Erth miscast
 28094 | D:15     | XOM: divination: detect items
 28109 | D:15     | Found a bloodstained altar of Trog.
 28174 | D:15     | XOM: mild Necr miscast
 28211 | D:15     | Identified the ring of Peace {rF+ Stlth+} (You took it off a yaktaur on level 14 of the Dungeon)
 28269 | D:15     | XOM: divination: detect creatures
 28275 | D:15     | Found a staircase to the Depths.
 28372 | D:15     | XOM: divination: magic mapping
 28375 | D:15     | XOM: divination: detect creatures
 28377 | D:15     | XOM: confuse monster(s)
 28567 | D:15     | XOM: 1-stop teleportation journey
 28591 | D:15     | XOM: god gift: 33 gold pieces
 28607 | D:15     | XOM: god gift: meat ration
 28854 | D:13     | XOM: medium Summ miscast
 29191 | Lair:2   | Reached skill level 21 in Maces & Flails
 29215 | Lair:3   | XOM: mild Summ miscast
 29259 | Spider:1 | Entered Level 1 of the Spider Nest
 29355 | Spider:1 | XOM: potion effect (agility)
 29421 | Spider:1 | XOM: medium Conj miscast
 29472 | Spider:1 | XOM: blink monster(s)
 29533 | Spider:1 | XOM: god gift: hardcover book {god gift}
 29573 | Spider:1 | XOM: polymorph torpor snail -> snapping turtle
 29589 | Spider:1 | XOM: smoke on damage
 29614 | Spider:1 | XOM: scenery: create altars
 29655 | Spider:1 | XOM: summons 3 friendly demons
 29742 | Spider:1 | XOM: summons friendly white imp
 29795 | Spider:1 | XOM: medium Pois miscast
 29975 | Spider:1 | Got an ichor-stained cloak
 29986 | Spider:1 | Identified the +0 cloak of Quseint {Dex+2} (You acquired it on level 1 of the Spider Nest)
 30077 | Spider:2 | Noticed Aizul
 30084 | Spider:2 | Noticed Nikola
 30087 | Spider:2 | XOM: summons 4 friendly demons
 30090 | Spider:2 | Killed Aizul
 30093 | Spider:2 | Hired Ymeomezil the big kobold for 102 gold.
 30094 | Spider:2 | XOM: summons 12 friendly demons
 30103 | Spider:2 | Killed Nikola
 30103 | Spider:2 | Reached skill level 22 in Maces & Flails
 30107 | Spider:2 | XOM: 2-stop teleportation journey
 30113 | Spider:2 | XOM: god gift: scroll of fog
 30115 | Spider:2 | XOM: swap monsters
 30117 | Spider:2 | Your ally Ymeomezil died
 30120 | Spider:2 | XOM: chaos cloud
 30213 | Spider:2 | XOM: colour smoke trail
 30219 | Spider:2 | XOM: chaos cloud
 30245 | Spider:2 | XOM: harmless Hex miscast
 30263 | Spider:2 | XOM: potion effect (invisibility)
 30265 | Spider:2 | Noticed Arachne
 30266 | Spider:2 | XOM: divination: detect creatures
 30267 | Spider:2 | XOM: divination: detect creatures
 30428 | Spider:2 | XOM: divination: detect creatures
 30517 | Spider:2 | XOM: potion effect (brilliance)
 30534 | Spider:2 | XOM: enchant monster (good)
 30535 | Spider:2 | XOM: divination: detect items
 30537 | Spider:2 | XOM: summons friendly shadow imp
 30692 | Spider:2 | Reached XP level 17. HP: 227/227 MP: 19/19
 30719 | Spider:2 | XOM: summons friendly iron imp
 30729 | Spider:2 | Killed Arachne
 30738 | Spider:2 | HP: 55/227 [poisoned by Arachne]
 30743 | Spider:2 | HP: 50/227 [poisoned by Arachne]
 30748 | Spider:1 | HP: 46/227 [poisoned by Arachne]
 30753 | Spider:1 | HP: 46/227 [poisoned by Arachne]
 30759 | Spider:1 | HP: 47/227 [poisoned by Arachne]
 30766 | Spider:1 | HP: 50/227 [poisoned by Arachne]
 30773 | Spider:1 | HP: 54/227 [poisoned by Arachne]
 30904 | Spider:1 | XOM: noise
 31011 | Spider:2 | Reached skill level 23 in Maces & Flails
 31097 | Spider:2 | XOM: mild Ice miscast
 31171 | Spider:3 | XOM: harmless Conj miscast
 31357 | Spider:3 | XOM: god gift: potion of poison
 31392 | Spider:3 | XOM: 6-stop teleportation journey
 31505 | Spider:3 | XOM: medium Chrm miscast
 31787 | Spider:4 | Entered Level 4 of the Spider Nest
 31790 | Spider:3 | XOM: colour smoke trail
 32041 | Spider:4 | XOM: silly message
 32069 | Spider:4 | Reached skill level 14 in Dodging
 32071 | Spider:4 | XOM: blink monster(s)
 32369 | Spider:4 | XOM: 3-stop teleportation journey
 32452 | Spider:4 | XOM: chaos cloud
 32794 | Spider:4 | XOM: blink monster(s)
 32809 | Spider:4 | Reached skill level 15 in Dodging
 32810 | Spider:4 | XOM: noise
 32813 | Spider:4 | XOM: chaos cloud
 32846 | Spider:4 | XOM: harmless Pois miscast
 32892 | Spider:4 | XOM: 5-stop teleportation journey
 32956 | Spider:4 | XOM: summons 3 hostile demons
 32985 | Spider:4 | Got a gossamer rune of Zot
 33035 | Spider:4 | XOM: enchant monster (good)
 33213 | Spider:1 | XOM: harmless Trmt miscast
 33277 | Swamp:1  | Entered Level 1 of the Swamp
 33287 | Swamp:1  | XOM: confuse monster(s)
 33354 | Swamp:1  | XOM: 1-stop teleportation journey
 33356 | Swamp:1  | XOM: blink monster(s)
 33369 | Swamp:1  | XOM: noise
 33371 | Swamp:1  | XOM: mild Necr miscast
 33448 | Swamp:1  | XOM: harmless Summ miscast
 33533 | Swamp:1  | XOM: summons 3 hostile demons
 33538 | Swamp:1  | Paralysed by a chaos spawn for 7 turns
 33563 | Swamp:1  | XOM: 1-stop teleportation journey
 33577 | Swamp:1  | XOM: polymorph raven -> yak
 33581 | Swamp:1  | XOM: blink monster(s)
 33649 | Swamp:1  | XOM: medium Air miscast
 33684 | Swamp:1  | XOM: chaos cloud
 33895 | Swamp:1  | XOM: cast spell 'Beastly Appendage'
 33924 | Swamp:1  | XOM: cast spell 'Blink'
 34004 | Swamp:1  | XOM: cast spell 'Summon Butterflies'
 34091 | Swamp:2  | Noticed Frances
 34096 | Swamp:2  | XOM: cast spell 'Dispersal'
 34098 | Swamp:2  | Noticed Louise
 34100 | Swamp:2  | XOM: potion effect (heal wounds)
 34115 | Swamp:2  | Reached XP level 18. HP: 191/237 MP: 20/20
 34160 | Swamp:2  | Killed Frances
 34179 | Swamp:2  | XOM: summons friendly white imp
 34276 | Swamp:2  | Killed Louise
 34276 | Swamp:2  | Reached skill level 16 in Dodging
 34293 | Swamp:2  | Identified the Tome of Hurtful Malediction (You found it on level 2 of the Swamp)
 34298 | Swamp:2  | Learned a level 3 spell: Spectral Weapon
 34328 | Swamp:2  | XOM: give mutation
 34328 | Swamp:2  | Gained mutation: Your spells are a little harder to cast, but a little more powerful. [Xom's grace]
 34367 | Swamp:2  | XOM: smoke on damage
 34523 | Swamp:2  | XOM: 4-stop teleportation journey
 34550 | Swamp:2  | XOM: give mutations
 34550 | Swamp:2  | Gained mutation: Your muscles are very strong. (Str +4) [Xom's grace]
 34550 | Swamp:2  | Gained mutation: Your system is resistant to poisons. [Xom's grace]
 34570 | Swamp:2  | XOM: divination: detect items
 34941 | Swamp:2  | XOM: summons friendly quasit
 35147 | Swamp:3  | XOM: smoke on damage
 35456 | Swamp:3  | XOM: give mutation
 35456 | Swamp:3  | Lost mutation: You tend to lose your temper in combat. [Xom's mischief]
 35560 | Swamp:3  | XOM: medium Hex miscast
 35771 | Swamp:4  | Entered Level 4 of the Swamp
 35775 | Swamp:4  | XOM: enchant monster (bad)
 35826 | Swamp:4  | Reached skill level 17 in Dodging
 35931 | Swamp:4  | XOM: smoke on damage
 35939 | Swamp:4  | XOM: god gift: 54 gold pieces
 36082 | Swamp:4  | Reached skill level 1 in Armour
 36474 | Swamp:4  | XOM: medium Fire miscast
 36478 | Swamp:4  | Reached skill level 2 in Armour
 36536 | Swamp:4  | XOM: blink monster(s)
 36543 | Swamp:4  | Reached skill level 3 in Armour
 36554 | Swamp:4  | Noticed a bone dragon
 36567 | Swamp:4  | Killed a bone dragon
 36578 | Swamp:4  | XOM: noise
 36616 | Swamp:4  | Reached skill level 4 in Armour
 36768 | Swamp:4  | XOM: noise
 36775 | Swamp:4  | XOM: blink monster(s)
 36849 | Swamp:4  | XOM: draining
 36883 | Swamp:4  | XOM: mild Erth miscast
 36928 | Swamp:4  | Got a decaying rune of Zot
 36945 | Swamp:4  | XOM: noise
 37536 | Orc:1    | Entered Level 1 of the Orcish Mines
 37752 | Orc:2    | Reached skill level 5 in Armour
 37823 | Orc:1    | Found a frozen archway.
 37832 | IceCv    | Entered an ice cave
 37914 | IceCv    | XOM: polymorph blue devil -> blue devil
 38008 | IceCv    | XOM: vitrification
 38009 | IceCv    | Noticed DEFE's ghost (mighty TeWz)
 38039 | IceCv    | Got a bloodstained demon whip
 38040 | IceCv    | Identified the +6 demon whip of the Doomed Warrior {freeze, Int+2} (You found it in an ice cave)
 38602 | Orc:3    | XOM: mild Ice miscast
 38802 | Orc:3    | XOM: harmless Necr miscast
 38912 | Orc:3    | Reached skill level 6 in Armour
 38946 | Orc:3    | XOM: harmless Tloc miscast
 38953 | Orc:3    | XOM: chaos cloud
 38956 | Orc:3    | XOM: mild Necr miscast
 38981 | Orc:3    | Found a roughly hewn altar of Beogh.
 39058 | Orc:3    | XOM: torment (130/234 hp)
 39246 | Orc:3    | XOM: summons 4 hostile demons
 39278 | Orc:3    | XOM: stat loss: -1 Str (25/26)
 39364 | Orc:4    | Entered Level 4 of the Orcish Mines
 39398 | Orc:4    | Noticed WhatIsLove's ghost (powerful FoFi)
 39403 | Orc:4    | Drew Focus: Str increased to 23, Dex decreased to 9
 39405 | Orc:4    | XOM: enchant monster (bad)
 39408 | Orc:4    | Killed WhatIsLove's ghost
 39493 | Orc:4    | Found a staircase to the Elven Halls.
 39557 | Orc:4    | XOM: 1-stop teleportation journey
 39667 | Orc:4    | Found a roughly hewn altar of Beogh.
 39708 | Orc:4    | Found a roughly hewn altar of Beogh.
 39769 | Orc:4    | Found a roughly hewn altar of Beogh.
 39777 | Orc:4    | Found Ymusemo's Distillery.
 39783 | Orc:4    | Bought a potion of beneficial mutation for 560 gold pieces
 39783 | Orc:4    | Bought a potion of heal wounds for 80 gold pieces
 39837 | Orc:4    | Reached XP level 19. HP: 233/244 MP: 21/21
 39843 | Orc:4    | XOM: chaos upgrade
 39851 | Orc:4    | XOM: silly message
 39872 | Orc:4    | XOM: summons friendly white imp
 39936 | Orc:4    | XOM: summons friendly iron imp
 40045 | Orc:4    | XOM: give mutations
 40045 | Orc:4    | Lost mutation: You occasionally shout uncontrollably at your foes. [Xom's mischief]
 40045 | Orc:4    | Lost mutation: You are clumsy. (Dex -2) [Xom's mischief]
 40045 | Orc:4    | Lost mutation: Your body sometimes deteriorates upon taking damage. [Xom's mischief]
 40045 | Orc:4    | Gained mutation: You are resistant to hostile enchantments. [Xom's mischief]
 40087 | Orc:4    | Found Zaun's Antique Armour Shoppe.
 40088 | Orc:4    | Found a roughly hewn altar of Beogh.
 40091 | Orc:4    | Found Orriecym's Antique Weapon Emporium.
 40190 | Orc:4    | Reached skill level 7 in Armour
 40194 | Orc:4    | Found a roughly hewn altar of Beogh.
 40207 | Orc:4    | Found Xuoket's Food Shoppe.
 40257 | Orc:4    | Found a roughly hewn altar of Beogh.
 40451 | Vaults:1 | Entered Level 1 of the Vaults
 40466 | D:13     | XOM: summons friendly ufetubus
 40477 | D:13     | XOM: mild Fire miscast
 40526 | Vaults:1 | XOM: summons friendly white imp
 40527 | Vaults:1 | Drew Focus: Str increased to 24, Dex decreased to 8
 40528 | Vaults:1 | HP: 61/247 [vault warden/glaive of chopping (3)]
 40529 | Vaults:1 | HP: 18/247 [vault warden/glaive of chopping (29)]
 40529 | Vaults:1 | Killed from afar by a deep elf knight

Vault maps used:
D:1:      scummos_arrival_star
D:2:      gammafunk_temple_overflow_claw, st_stairs_3, uniq_iyjb, uniq_sigmund
D:3:      lemuel_round_altar, okawaru_ov_weapons_minmay
D:4:      first_bread
D:5:      xom_butterflies, grunt_qazlal_sundering
D:6:      overflow_temple_1_default, portal_sewer_entry_a
D:7:      lemuel_crystal_altar, minmay_temple_entry_junction
D:8:      kennysheep_mini_moat, kennysheep_little_box, david_lair_generic,
          serial_shops, shop
D:10:     serial_undead, serial_undead_a, serial_undead_e, serial_undead_a,
          serial_undead_a, grunt_ogre_cave
D:12:     orc_david_3, uniq_sonja, uniq_nergalle
D:13:     erik_vaults_2, serial_shops, nicolae_shop_behind_doors, shop, shop,
          portal_ice_cave_entry_imps, uniq_josephine
D:14:     forest_paths, evilmike_ruin_ashenzari
D:15:     hangedman_depths_entry_try_elsewhere_first, trog_wizard
Lair:1:   serial_bayou_shore_b, serial_bayou_shore_b
Lair:3:   lemuel_slime, uniq_gastronok
Lair:4:   minmay_swamp_entry_swarm, serial_bayou_shore_b, grunt_megastairs_3
Lair:5:   nicolae_spider_entry_tight_spaces, bobbens_dragon_lair_wall,
          uniq_snorg
Lair:6:   slime_altar_2, roderic_batcave, beast_lair_carwin_5, lemuel_fruit_tree
Lair:7:   serial_bayou_shore_a
Lair:8:   evil_forest
Swamp:1:  evilmike_swamp_ruin_house_3, swamp_pool1
Swamp:2:  evilmike_swamp_ruin_rubble_2, uniq_frances, uniq_louise
Swamp:3:  nicolae_snake_squiggles
Swamp:4:  swamp_pestilence, swamp_pool3
Spider:1: cheibrodos_spider_creepycove, spiders_nest_spider_trap
Spider:2: uniq_aizul, uniq_arachne, uniq_nikola
Spider:3: nicolae_spider_webbed_stairs
Spider:4: spider_rune_water, nicolae_spider_cling_ruins
Orc:1:    portal_ice_cave_entry_pillars_02, minmay_orc_temple_b
Orc:2:    special_room
Orc:3:    nicolae_orc_pool_cavern, minmay_orc_temple_c
Orc:4:    grunt_orc_community_town_hall, grunt_orc_community_big_house_2,
          grunt_orc_community_big_house_2, grunt_orc_community_house_3,
          grunt_orc_community_house_3, grunt_orc_community_house_3,
          grunt_orc_community_house_3, grunt_orc_community_house_1,
          nicolae_orc_flooded_monolith
Vaults:1: grunt_tower_of_power, vaults_dpeg_spiral, v_rooms_4,
          vaults_dpeg_diagonal, hangedman_vaults_impose, v_misc_1,
          nicolae_vaults_yaktaur_gun_rack, vaults_room_semicircle
Sewer:    sewer_fruit_machine
IceCv:    ice_cave_small_demon

Action                   |  1- 3 |  4- 6 |  7- 9 | 10-12 | 13-15 | 16-18 | 19-21 || total
-------------------------+-------+-------+-------+-------+-------+-------+-------++-------
Melee: Mace              |   100 |       |       |       |       |       |       ||   100
       Flail             |     8 |   152 |   423 |       |       |       |       ||   583
       Giant spiked club |       |       |    78 |   647 |   220 |       |       ||   945
       Giant club        |       |       |       |       |   776 |  1754 |   122 ||  2652
       Unarmed           |       |       |       |       |     5 |       |       ||     5
 Fire: Blowgun           |       |       |     3 |       |       |       |       ||     3
Throw: Throwing net      |       |       |       |     1 |       |       |       ||     1
       Large rock        |       |       |       |       |    16 |       |       ||    16
 Abil: Evoke Berserk Rag |       |       |       |     2 |       |       |       ||     2
Evoke: Rod               |       |       |     9 |    40 |    87 |    33 |       ||   169
       Wand              |       |       |       |     3 |       |    15 |       ||    18
       Deck              |       |       |       |       |     2 |     7 |     1 ||    10
       Fan of gales      |       |       |       |       |       |       |     1 ||     1
       Phial of floods   |       |       |       |       |       |       |     1 ||     1
  Use: Scroll            |     7 |     3 |    12 |    15 |    21 |    17 |       ||    75
       Potion            |       |     1 |     9 |     6 |     5 |     5 |     2 ||    28
 Stab: Invisible         |       |     5 |     1 |       |     3 |       |       ||     9
       Distracted        |       |       |       |     2 |       |     2 |       ||     4
       Paralysed         |       |       |       |     7 |     7 |    22 |       ||    36
       Confused          |       |       |       |     1 |     4 |     2 |       ||     7
       Petrifying        |       |       |       |       |     5 |     5 |       ||    10
  Eat: Chunk             |     3 |    13 |    20 |    18 |    34 |    23 |     3 ||   114
       Fruit             |       |       |       |     2 |       |     1 |       ||     3
       Pizza             |       |       |       |     1 |     1 |     3 |       ||     5
       Beef jerky        |       |       |       |     2 |     4 |     7 |       ||    13
       Royal jelly       |       |       |       |     2 |       |     1 |       ||     3
       Bread ration      |       |       |       |       |     3 |     5 |       ||     8

Vault maps used:
D:1:      scummos_arrival_star
D:2:      gammafunk_temple_overflow_claw, st_stairs_3, uniq_iyjb, uniq_sigmund
D:3:      lemuel_round_altar, okawaru_ov_weapons_minmay
D:4:      first_bread
D:5:      xom_butterflies, grunt_qazlal_sundering
D:6:      overflow_temple_1_default, portal_sewer_entry_a
D:7:      lemuel_crystal_altar, minmay_temple_entry_junction
D:8:      kennysheep_mini_moat, kennysheep_little_box, david_lair_generic,
          serial_shops, shop
D:10:     serial_undead, serial_undead_a, serial_undead_e, serial_undead_a,
          serial_undead_a, grunt_ogre_cave
D:12:     orc_david_3, uniq_sonja, uniq_nergalle
D:13:     erik_vaults_2, serial_shops, nicolae_shop_behind_doors, shop, shop,
          portal_ice_cave_entry_imps, uniq_josephine
D:14:     forest_paths, evilmike_ruin_ashenzari
D:15:     hangedman_depths_entry_try_elsewhere_first, trog_wizard
Lair:1:   serial_bayou_shore_b, serial_bayou_shore_b
Lair:3:   lemuel_slime, uniq_gastronok
Lair:4:   minmay_swamp_entry_swarm, serial_bayou_shore_b, grunt_megastairs_3
Lair:5:   nicolae_spider_entry_tight_spaces, bobbens_dragon_lair_wall,
          uniq_snorg
Lair:6:   slime_altar_2, roderic_batcave, beast_lair_carwin_5, lemuel_fruit_tree
Lair:7:   serial_bayou_shore_a
Lair:8:   evil_forest
Swamp:1:  evilmike_swamp_ruin_house_3, swamp_pool1
Swamp:2:  evilmike_swamp_ruin_rubble_2, uniq_frances, uniq_louise
Swamp:3:  nicolae_snake_squiggles
Swamp:4:  swamp_pestilence, swamp_pool3
Spider:1: cheibrodos_spider_creepycove, spiders_nest_spider_trap
Spider:2: uniq_aizul, uniq_arachne, uniq_nikola
Spider:3: nicolae_spider_webbed_stairs
Spider:4: spider_rune_water, nicolae_spider_cling_ruins
Orc:1:    portal_ice_cave_entry_pillars_02, minmay_orc_temple_b
Orc:2:    special_room
Orc:3:    nicolae_orc_pool_cavern, minmay_orc_temple_c
Orc:4:    grunt_orc_community_town_hall, grunt_orc_community_big_house_2,
          grunt_orc_community_big_house_2, grunt_orc_community_house_3,
          grunt_orc_community_house_3, grunt_orc_community_house_3,
          grunt_orc_community_house_3, grunt_orc_community_house_1,
          nicolae_orc_flooded_monolith
Vaults:1: grunt_tower_of_power, vaults_dpeg_spiral, v_rooms_4,
          vaults_dpeg_diagonal, hangedman_vaults_impose, v_misc_1,
          nicolae_vaults_yaktaur_gun_rack, vaults_room_semicircle
Sewer:    sewer_fruit_machine
IceCv:    ice_cave_small_demon

Table legend:
 A = Turns spent in this place as a percentage of turns spent in the entire game.
 B = Non-inter-level travel turns spent in this place as a percentage of non-inter-level travel turns spent in the entire game.
 C = Inter-level travel turns spent in this place as a percentage of turns spent in this place.
 D = Turns resting spent in this place as a percentage of non-inter-level travel turns spent in this place.
 E = Turns spent auto-exploring this place as a percentage of non-inter-level travel turns spent in this place.
 F = Non-inter-level travel turns spent in this place divided by the number of levels of this place that you've seen.
                   A       B       C       D       E      F
               +-------+-------+-------+-------+-------+----------------------
         Total | 100.0 | 100.0 |   0.5 |   2.0 |   6.4 | 458.0
       Dungeon |  32.6 |  32.6 |   0.5 |   1.5 |   9.5 | 378.5
          Lair |  30.9 |  30.9 |   0.6 |   2.8 |   4.5 | 672.4
         Swamp |  11.5 |  11.5 |   0.6 |   1.6 |   4.6 | 501.8
   Spider Nest |  13.3 |  13.3 |   0.5 |   2.7 |   2.9 | 578.8
  Orcish Mines |   7.9 |   7.9 |   0.4 |   0.4 |  11.4 | 344.0
        Vaults |   0.2 |   0.2 |   0.0 |   0.0 |   0.0 |  39.0
         Sewer |   1.8 |   1.8 |   0.0 |   1.2 |   5.9 | 320.0
      Ice Cave |   1.7 |   1.7 |   0.0 |   0.0 |   0.7 | 291.0
               +-------+-------+-------+-------+-------+----------------------

Table legend:
 A = Kills in this place as a percentage of kills in entire the game.
 B = Kills by you in this place as a percentage of kills by you in the entire game.
 C = Kills by friends in this place as a percentage of kills by friends in the entire game.
 D = Other kills in this place as a percentage of other kills in the entire game.
 E = Experience gained in this place as a percentage of experience gained in the entire game.
 F = Experience gained in this place divided by the number of levels of this place that you have seen.
                   A       B       C       D       E      F
               +-------+-------+-------+-------+-------+----------------------
         Total | 100.0 | 100.0 | 100.0 | 100.0 | 100.0 | 8620.7
       Dungeon |  30.5 |  30.7 |  16.0 |   0.0 |  21.8 | 4763.0
          Lair |  24.5 |  24.5 |  28.0 |   0.0 |  25.9 | 10594.4
         Swamp |  11.7 |  11.8 |   0.0 | 100.0 |  20.7 | 16979.8
   Spider Nest |  11.9 |  11.6 |  28.0 |   0.0 |  24.1 | 19758.5
  Orcish Mines |  17.9 |  17.8 |  28.0 |   0.0 |   4.5 | 3680.2
        Vaults |   0.2 |   0.2 |   0.0 |   0.0 |   1.2 | 3811.0
         Sewer |   1.6 |   1.7 |   0.0 |   0.0 |   0.0 |  90.0
      Ice Cave |   1.6 |   1.7 |   0.0 |   0.0 |   1.8 | 5810.0
               +-------+-------+-------+-------+-------+----------------------
